Map: Ice and Chrome LE

Players

Seither

  • Race: Terran Terran
  • Spawn Location: 1:00

Probe - Winner!

  • Race: Protoss Protoss
  • League: Master
  • Spawn Location: 7:00

Event: DreamHack SC2 Masters 2020 Fall

VOD

Have the link to the VOD?

Description

Time

  • Played on: Aug. 29, 2020, 6:33 a.m.
  • Length: 16:16

All games in this series

Show
View Real Time Build Order
Export as new Build Order

Seither Terran 

Build Orders:  

Get SALT Encoding   

  12  0:00  SCV  
  13  0:12  SCV  
  14  0:17  Supply Depot  
  14  0:24  SCV  
  15  0:38  SCV  
  15  0:40  Barracks  
  16  0:44  Refinery  
  16  0:50  SCV  
  17  1:03  SCV  
  18  1:15  SCV  
  19  1:28  Orbital Command, Marine  
  20  1:43  Command Center  
  20  1:50  Barracks Reactor  
  20  1:54  Supply Depot  
  20  1:57  SCV  
  21  2:07  Factory  
  21  2:12  SCV  
  22  2:18  Refinery  
  22  2:22  Bunker  
  22  2:25  SCV  
  22  2:29  Marine  
  24  2:30  Marine  
  25  2:37  SCV  
  26  2:47  Marine  
  26  2:48  Marine  
  26  2:49  SCV  
  29  2:53  Starport  
  29  3:01  Orbital Command  
  29  3:04  SCV  
  30  3:09  Factory Tech Lab  
  30  3:13  Marine x2  
  30  3:16  SCV  
  33  3:28  SCV  
  33  3:29  SCV  
  33  3:32  Marine  
  33  3:33  Marine  
  37  3:36  Raven  
  37  3:37  Factory Tech Lab  
  39  3:41  Supply Depot  
  39  3:42  SCV x2  
  39  3:48  Supply Depot  
  41  3:51  Marine x2  
  43  3:56  Siege Tank  
  46  4:03  SCV x2  
  46  4:05  Supply Depot  
  48  4:14  Marine x2  
  48  4:22  SCV x2  
  50  4:36  SCV x2  
  52  4:42  Command Center  
  52  4:43  Marine x2  
  54  4:47  Siege Tank  
  54  4:51  SCV x2  
  55  5:03  SCV x2  
  55  5:04  Marine  
  55  5:05  Marine  
  59  5:10  Refinery  
  59  5:12  Refinery  
  59  5:17  Barracks  
  59  5:18  Barracks  
  59  5:19  SCV x2  
  61  5:24  Siege Tank  
  64  5:29  Supply Depot  
  64  5:31  SCV x2  
  64  5:43  SCV x2  
  64  5:46  Marine x2  
  68  5:51  Supply Depot  
  68  5:55  SCV x2  
  70  5:58  Orbital Command  
  70  5:59  Siege Tank  
  73  6:07  Barracks Tech Lab, SCV x2  
  73  6:08  Marine x2  
  73  6:09  Starport Reactor  
  77  6:13  Engineering Bay  
  77  6:19  SCV x2  
  77  6:23  Stimpack  
  75  6:35  Siege Tank, Marauder x2, Marine x2  
  75  6:36  Orbital Command  
  75  6:39  SCV  
  85  6:40  SCV, Terran Infantry Weapons Level 1  
  85  6:45  Combat Shield  
  86  6:50  Medivac x2  
  88  6:57  SCV x2  
  89  7:02  Barracks x2  
  89  7:04  Supply Depot  
  89  7:08  Missile Turret, SCV  
  89  7:09  SCV x2  
  89  7:10  Missile Turret  
  89  7:15  Siege Tank, Marine x2  
  95  7:17  Marauder x2  
  101  7:24  Missile Turret  
  101  7:25  SCV  
  101  7:26  SCV  
  101  7:28  Medivac x2  
  107  7:33  SCV  
  107  7:34  Supply Depot  
  108  7:37  Supply Depot  
  108  7:38  SCV  
  109  7:51  Barracks Reactor  
  109  7:52  Barracks Tech Lab  
  109  7:55  Siege Tank, SCV x3, Marine x2  
  109  7:58  Refinery x2, Supply Depot  
  117  7:59  Supply Depot  
  117  8:01  Missile Turret  
  117  8:03  Concussive Shells  
  117  8:11  Marauder x3  
  123  8:13  Marine x2  
  123  8:14  Supply Depot  
  125  8:20  Medivac x2, SCV x2  
  125  8:23  Command Center  
  131  8:28  Supply Depot  
  131  8:30  SCV  
  131  8:32  SCV x2  
  131  8:33  Supply Depot  
  134  8:35  Marine x3  
  134  8:39  Marauder  
  134  8:40  Marauder x2  
  142  8:45  Siege Tank  
  145  8:49  Terran Infantry Armor Level 1  
  145  8:50  Factory  
  145  8:53  SCV x2  
  145  8:54  SCV  
  148  8:56  Missile Turret  
  148  8:59  Bunker  
  148  9:01  Supply Depot  
  148  9:03  Marauder  
  148  9:04  Marine  
  148  9:05  Marine  
  148  9:08  Marine x2  
  148  9:09  Marauder  
  156  9:10  SCV x2  
  156  9:11  SCV  
  156  9:13  Supply Depot  
  159  9:17  Medivac x2  
  163  9:27  Missile Turret, Marauder, Marine x2  
  163  9:28  Marauder  
  163  9:31  Ghost Academy  
  169  9:33  Siege Tank  
  172  9:41  Sensor Tower  
  172  9:42  Factory Tech Lab  
  171  9:57  Marauder x3, Marine x3  
  177  10:13  Marine  
  170  10:15  Marine x2  
  170  10:18  Marauder x3, Marine  
  173  10:23  Missile Turret  
  170  10:31  Marine  
  170  10:32  Siege Tank x2  
  166  10:37  Marine  
  166  10:38  Marine  
  166  10:39  Marauder, Ghost x2  
  174  10:47  Armory  
  174  10:49  Engineering Bay, SCV x2  
  176  11:00  Planetary Fortress, Ghost  
  178  11:05  Marine x4  
  178  11:07  Ghost  
  178  11:08  Siege Tank  
  178  11:09  Siege Tank  
  190  11:19  SCV  
  190  11:20  SCV  
  190  11:21  Refinery  
  190  11:22  Refinery  
  192  11:26  SCV  
  192  11:27  Sensor Tower, Command Center, Missile Turret  
  192  11:30  Ghost, Enhanced Shockwaves  
  192  11:31  SCV  
  196  11:42  Terran Infantry Weapons Level 2, Terran Infantry Armor Level 2, Terran Vehicle Weapons Level 1  
  196  11:43  Ghost  
  196  11:44  SCV x2  
  196  12:01  Siege Tank x2  
  190  12:04  Orbital Command  
  182  12:08  Marine  
  182  12:09  Viking x2, Marauder x2, Marine  
  182  12:13  Marauder  
  190  12:30  Marauder, Marine x2  
  190  12:31  Marauder  
  177  12:39  Viking x2  
  177  12:40  Orbital Command  
  180  12:45  SCV x3  
  180  12:51  Marauder, Marine x2  
  185  12:52  Marauder x2  
  185  12:53  Missile Turret, Siege Tank  
  194  13:00  SCV x2  
  196  13:09  Viking x2  
  189  13:23  Siege Tank  
  189  13:25  Marine x2  
  191  13:32  Thor  
  189  13:39  Viking x2  
  189  13:55  Thor  
  163  13:56  Marine x2  
  163  13:57  Marine x3  
  134  14:08  Marauder x2  
  134  14:09  Viking x2  
  137  14:15  Marauder  
  133  14:23  Marine x2  
  133  14:24  Marine x2  
  136  14:25  Orbital Command  
  136  14:29  Marauder, Marine  
  140  14:35  SCV x2  
  140  14:36  Ghost, SCV x2  
  142  14:39  Viking x2  
  143  14:46  Ghost  
  143  14:48  SCV x4  
  143  14:51  SCV  
  150  14:53  Marine  
  151  15:00  SCV  
  151  15:04  Thor  
  151  15:06  Siege Tank  
  161  15:12  Medivac  
  161  15:13  Medivac  
  165  15:15  Marine x2  
  165  15:16  Marauder, Marine x2  
  169  15:24  Orbital Command  
  159  15:40  Marine x4  
  116  15:58  Marine  
Show
View Real Time Build Order
Export as new Build Order

Probe Protoss - Winner!

Build Orders: 1 Gate Expand, Oracle Opening 

Get SALT Encoding   

  12  0:00  Probe  
  13  0:12  Probe  
  14  0:17  Pylon  
  14  0:24  Probe (Chrono Boost)  
  15  0:37  Gateway, Probe (Chrono Boost)  
  16  0:44  Probe (Chrono Boost)  
  16  0:45  Assimilator  
  17  0:51  Probe  
  18  1:03  Probe  
  19  1:15  Probe  
  20  1:25  Cybernetics Core  
  20  1:32  Nexus  
  20  1:34  Probe  
  21  1:41  Pylon  
  21  1:46  Probe  
  22  1:49  Assimilator  
  22  1:58  Adept (Chrono Boost), Probe  
  25  2:07  Shield Battery  
  25  2:11  Probe  
  25  2:23  Probe  
  25  2:26  Stargate  
  25  2:27  Adept (Chrono Boost)  
  28  2:36  Probe (Chrono Boost)  
  29  2:37  Warp Gate  
  29  2:43  Probe (Chrono Boost)  
  31  2:52  Probe (Chrono Boost)  
  31  2:53  Probe (Chrono Boost)  
  31  2:58  Probe (Chrono Boost)  
  32  2:59  Probe  
  34  3:08  Oracle (Chrono Boost)  
  34  3:10  Probe  
  34  3:11  Probe  
  39  3:13  Pylon  
  39  3:22  Probe  
  39  3:23  Probe  
  41  3:33  Gateway x2  
  42  3:34  Probe  
  42  3:35  Probe  
  42  3:38  Oracle  
  46  3:46  Probe  
  46  3:47  Probe  
  48  3:49  Assimilator  
  48  3:52  Twilight Council  
  48  3:58  Probe, Pylon  
  48  4:02  Probe  
  50  4:10  Probe  
  50  4:14  Probe  
  50  4:22  Probe  
  50  4:23  Blink (Chrono Boost)  
  51  4:26  Probe  
  51  4:27  Assimilator, Stalker  
  54  4:32  Pylon  
  54  4:34  Probe  
  54  4:36  Forge  
  55  4:39  Probe  
  55  4:41  Stalker  
  55  4:42  Stalker  
  55  4:45  Pylon  
  60  4:46  Probe  
  60  4:51  Probe  
  62  4:59  Probe  
  63  5:03  Probe  
  64  5:09  Stalker  
  64  5:10  Stalker  
  64  5:12  Stalker  
  64  5:13  Nexus  
  70  5:15  Protoss Ground Weapons Level 1 (Chrono Boost)  
  70  5:16  Pylon  
  70  5:25  Robotics Facility  
  70  5:27  Probe x2  
  72  5:39  Probe  
  72  5:42  Probe  
  74  5:43  Stalker  
  74  5:44  Stalker x2  
  74  5:49  Pylon  
  80  5:51  Probe  
  80  5:52  Pylon  
  81  6:00  Gateway, Charge (Chrono Boost)  
  81  6:01  Gateway  
  81  6:05  Gateway  
  81  6:08  Sentry  
  83  6:12  Robotics Bay  
  83  6:15  Probe x2  
  85  6:27  Probe x2  
  85  6:28  Probe  
  78  6:33  Zealot, Sentry  
  78  6:34  Zealot  
  78  6:36  Observer (Chrono Boost)  
  78  6:39  Probe x2  
  87  6:41  Shield Battery  
  87  6:43  Probe  
  87  6:45  Shield Battery  
  88  6:50  Warp Prism (Chrono Boost)  
  88  6:51  Probe x2  
  92  6:57  Zealot x4  
  92  6:59  Probe  
  101  7:01  Pylon  
  101  7:03  Probe  
  102  7:12  Gateway  
  102  7:13  Gateway  
  102  7:16  Colossus (Chrono Boost)  
  102  7:18  Assimilator  
  102  7:21  Assimilator, Protoss Ground Armor Level 1 (Chrono Boost)  
  108  7:27  Templar Archives  
  108  7:31  Zealot x3  
  108  7:36  Probe x2  
  116  7:39  Pylon  
  116  7:41  Pylon  
  116  7:47  Zealot  
  116  7:48  Zealot x2  
  116  7:49  Pylon  
  122  7:52  Pylon  
  122  7:55  Extended Thermal Lance  
  122  8:04  Colossus (Chrono Boost)  
  128  8:07  High Templar  
  128  8:08  Zealot x2, High Templar  
  136  8:12  Pylon  
  136  8:13  Archon, Pylon  
  136  8:17  High Templar x2  
  140  8:21  Archon  
  140  8:23  Zealot x2  
  144  8:30  Nexus  
  144  8:32  Pylon  
  144  8:42  High Templar x2  
  144  8:43  Zealot x4  
  156  8:49  Colossus (Chrono Boost)  
  156  8:50  Archon  
  162  8:56  Shield Battery  
  162  8:58  Shield Battery  
  162  9:00  Dark Shrine  
  162  9:11  Zealot x4  
  162  9:16  Pylon  
  170  9:20  Zealot x2, High Templar x2  
  170  9:21  Protoss Ground Armor Level 2 (Chrono Boost)  
  178  9:25  Forge  
  178  9:36  Zealot x3  
  184  9:43  High Templar x2  
  184  9:44  Zealot  
  190  9:46  Probe x4  
  190  9:49  Archon x2  
  194  9:58  Probe  
  193  10:05  Probe  
  194  10:10  Probe  
  190  10:14  Zealot, Stalker x5  
  193  10:24  Zealot x2  
  193  10:25  Probe  
  193  10:27  Probe  
  190  10:41  Stargate  
  190  10:42  Shadow Stride  
  184  10:44  Assimilator, Fleet Beacon  
  184  10:45  Assimilator  
  184  10:46  Photon Cannon  
  182  10:50  Photon Cannon  
  182  10:56  Warp Prism (Chrono Boost)  
  182  10:57  Gravitic Boosters (Chrono Boost)  
  182  10:58  Protoss Ground Weapons Level 2 (Chrono Boost)  
  182  11:09  Robotics Facility, Stargate  
  182  11:12  Protoss Air Weapons Level 1 (Chrono Boost)  
  182  11:20  Nexus  
  176  11:27  Zealot x8, Psionic Storm  
  192  11:35  Tempest  
  197  11:41  Photon Cannon  
  197  11:43  Pylon, Photon Cannon  
  197  11:47  Gravitic Drive  
  197  11:57  Tempest  
  182  12:08  Tempest  
  175  12:18  Tempest  
  175  12:21  Zealot  
  175  12:22  Zealot x7  
  180  12:38  Gateway, Probe x4  
  180  12:39  Gateway, Tempest  
  180  12:41  Gateway  
  187  12:45  High Templar x2  
  187  12:46  High Templar x2  
  187  12:51  Tempest  
  192  13:00  Tempest  
  192  13:04  Assimilator  
  197  13:06  Assimilator  
  197  13:07  Photon Cannon  
  197  13:09  Photon Cannon  
  197  13:10  Photon Cannon  
  195  13:18  Zealot x6  
  160  13:34  Dark Templar x2  
  150  13:37  Dark Templar x3  
  150  13:38  Dark Templar x3  
  164  13:45  Tempest  
  169  13:50  Zealot x3  
  169  13:54  Disruptor  
  139  14:07  Tempest x2  
  139  14:17  Zealot x7  
  139  14:23  Dark Templar x2  
  157  14:26  Probe x3  
  157  14:27  High Templar  
  157  14:28  High Templar  
  164  14:44  High Templar x2  
  162  14:46  High Templar  
  162  14:47  Probe x2  
  162  14:52  Zealot, Dark Templar  
  170  14:53  Zealot  
  172  15:02  Probe x5  
  172  15:03  Photon Cannon  
  172  15:04  Pylon, Photon Cannon  
  172  15:05  Photon Cannon  
  172  15:06  Dark Templar  
  179  15:14  Probe  
  179  15:17  Dark Templar  
  158  15:42  Zealot  
  158  15:43  Zealot x7  
  138  15:52  Zealot x3  

Tags
 
Add a new tag
Caveats
  • Supply blocks, unpowered buildings, or Contaminate may cause inaccurate times.
  • Supply counts are checked every 10 seconds.